AoeStats
← hahnbaer

Nomad

503596787Analyzed
3v3 RM · 1mo ago on Sep 1, 2026· 46m 7s· 6 players
Game mode
Random Map
Map size
210×210
Population
200
Speed
Normal
Resources
Standard
Victory
Conquest
Starting age
Dark Age
Ending age
Imperial Age
RankedLock teamsTeams togetherTeam positionsShared explorationLock speedFull tech treeHidden civsTurbo modeCheats
Victory
Defeat
🇦🇺 Inca · Australia
1134
+14
🇩🇴 Bohemians · Dominican Republic
1040
+18
🇹🇼 Byzantines · Taiwan
1033
+18
🇫🇷 Romans · France
1103
-18
🇩🇪 Mongols · Germany
1091
-17
🇬🇧 Hindustanis · United Kingdom
1067
-16
BetrayedSnail57
5:40 Loom
14:40 Feudal Age
15:23 Double-Bit Axe
16:16 Wheelbarrow
17:29 Fishing Lines
20:21 Castle Age
18:32 Stone Mining
19:56 Gold Mining
21:13 Medium Warships
26:20 Bow Saw
28:45 Horse Collar
31:31 Scale Mail Armor
31:42 Forging
32:12 Squires
37:04 Iron Casting
37:16 Chain Mail Armor
42:14 Gold Shaft Mining
xXlinkdu34Xx
8:29 Loom
15:32 Feudal Age
15:54 Fishing Lines
16:02 Double-Bit Axe
16:25 Stone Mining
16:27 Gold Mining
17:55 Wheelbarrow
17:45 Horse Collar
21:44 Castle Age
19:46 Man-at-Arms
21:00 Scale Mail Armor
21:11 Forging
22:21 Fletching
23:38 Bow Saw
23:31 Heavy Plow
23:23 Light Cavalry
24:26 Squires
24:59 Stone Mining
25:32 Chain Mail Armor
25:20 Long Swordsman
28:00 Hand Cart
29:26 Gold Shaft Mining
29:02 Bodkin Arrow
29:52 Town Watch
30:56 Ballistics
36:16 Imperial Age
35:30 Masonry
35:16 Murder Holes
35:24 Pikeman
37:39 Iron Casting
40:02 Siege Engineers
43:20 Blast Furnace
43:19 Heavy Scorpion
45:34 Padded Archer Armor
45:15 Legionary
hahnbaer
5:13 Loom
14:51 Feudal Age
15:42 Double-Bit Axe
17:06 Horse Collar
17:54 Forging
21:27 Wheelbarrow
21:31 Bloodlines
27:15 Castle Age
Arietediron
13:49 Loom
16:01 Feudal Age
14:17 Loom
16:36 Double-Bit Axe
17:28 Wheelbarrow
18:49 Fishing Lines
23:34 Castle Age
23:47 Forging
23:37 Scale Mail Armor
24:33 Bow Saw
27:21 Husbandry
27:59 Fletching
28:10 Padded Archer Armor
30:15 Hand Cart
33:30 Town Watch
34:47 Arson
34:23 Man-at-Arms
41:04 Imperial Age
38:32 Bodkin Arrow
38:44 Scale Barding Armor
42:58 Chemistry
42:47 Cavalier
Severe Burden
6:15 Loom
13:25 Feudal Age
14:07 Double-Bit Axe
17:26 Gold Mining
20:15 Castle Age
18:51 Scale Mail Armor
20:11 Fletching
20:53 Bodkin Arrow
21:22 Padded Archer Armor
22:35 Horse Collar
24:14 Crossbowman
26:38 Ballistics
26:19 Town Watch
26:47 Bow Saw
27:35 Champi Runner
28:16 Squires
30:54 Thumb Ring
32:50 Heavy Plow
33:27 Gold Shaft Mining
32:42 Stone Mining
35:18 Wheelbarrow
34:32 Treadmill Crane
37:59 Imperial Age
35:21 Arson
36:39 Chain Mail Armor
36:34 Forging
36:01 Champi Warrior
37:43 Hand Cart
37:41 Forging
39:18 Iron Casting
39:40 Plate Mail Armor
38:57 Elite Champi Warrior
43:45 Blast Furnace
43:10 Conscription
44:14 Fabric Shields
Hopeless
5:41 Loom
15:17 Feudal Age
16:43 Wheelbarrow
17:25 Double-Bit Axe
17:55 Fishing Lines
24:35 Castle Age
22:40 Gold Mining
24:55 Fletching
25:41 Medium Warships
26:16 Bow Saw
26:06 Gillnets
26:41 Bodkin Arrow
27:35 Hand Cart
28:09 Gold Shaft Mining
27:27 Stone Mining
31:06 Ballistics
33:24 Imperial Age
32:31 Stone Shaft Mining
32:33 Forging
32:29 Scale Barding Armor
34:00 Husbandry
36:01 Two-Man Saw
36:28 Iron Casting
36:14 Chain Barding Armor
37:27 Conscription
37:50 Elite Cataphract
39:38 Plate Barding Armor
39:50 Coinage
40:10 Pikeman
42:11 Logistica
44:27 Chemistry
44:15 Heavy Camel Rider
Connection lost

Rejoining the realm…

Still unreachable

The connection could not be restored.

Session expired

The server has moved on; the page needs a fresh start.